 Dungeon Crawl Stone Soup version 0.27.1-4-g1640c2035a (webtiles) character file.

Game seed: 8381156005386397023

179 Cykl0x the Covered (level 5, -3/33 HPs)
             Began as a Gargoyle Fighter on Nov 10, 2021.
             Slain by Crazy Yiuf (6 damage)
             ... on level 4 of the Dungeon.
             The game lasted 00:03:30 (3711 turns).

Cykl0x the Covered (Gargoyle Fighter)               Turns: 3711, Time: 00:03:34

Health: -3/33      AC: 11    Str: 20    XL:     5   Next: 59%
Magic:  5/5        EV:  7    Int:  9    God:
Gold:   179        SH:  9    Dex:  9    Spells: 4/4 levels left

rFire    . . .     SeeInvis .   a - +1 long sword
rCold    . . .     Faith    .   c - +0 kite shield
rNeg     + . .     Spirit   .   b - +0 scale mail
rPois    ∞         Reflect  .   (no helmet)
rElec    +         Harm     .   (no cloak)
rCorr    .         Rampage  .   (no gloves)
Will     .....                  (no boots)
Stlth    ..........             (no amulet)
HPRegen  0.11/turn              (no ring)
MPRegen  0.09/turn              (no ring)

@: no status effects
A: sickness immunity, AC +4, negative energy resistance 1, electricity
resistance, torment resistance 1, petrification resistance
a: no special abilities


You were on level 4 of the Dungeon.
You visited 1 branch of the dungeon, and saw 4 of its levels.

You collected 179 gold pieces.

Inventory:

Hand Weapons
 a - a +1 long sword (weapon)
Missiles
 e - 71 stones (quivered)
 j - 57 poisoned darts
Armour
 b - a +0 scale mail (worn)
 c - a +0 kite shield (worn)
Jewellery
 h - an amulet of the acrobat
Wands
 i - a wand of flame (14)
Potions
 d - a potion of might
 f - a potion of resistance
 g - a potion of ambrosia
 k - a potion of brilliance {unknown}
 l - a potion of experience {unknown}
 m - a potion of heal wounds {unknown}


   Skills:
 + Level 3.6 Fighting
 + Level 2.7 Long Blades
 * Level 1.9 Throwing
 + Level 4.1 Armour
 * Level 1.3 Dodging
 + Level 4.0 Shields


You had 4 spell levels left.
You didn't know any spells.
Your spell library was empty.

Dungeon Overview and Level Annotations

Branches:
Dungeon (4/15)
 Temple: D:4-7

Altars:

Annotations:
D:4 Crazy Yiuf


Innate Abilities, Weirdness & Mutations

You are immune to sickness and miasma.
Your stone body is resilient. (AC +4)
You are immune to poison.
You resist negative energy. (rN+)
You are resistant to electric shocks. (rElec)
You are resistant to unholy torment.
You are immune to petrification.


Message History

The kobold is moderately wounded.
The kobold barely misses you.
You riposte.
You closely miss the kobold.
The kobold is moderately wounded.
You block the kobold's attack.
You closely miss the kobold.
The kobold is moderately wounded.
The kobold hits you with a +0 whip.
You slash the kobold!
You kill the kobold!
No target in view!
You see here a +0 whip.
You open the door.
There is an open door here.
Found a mace.
You see here a +2 mace of protection.
Found seven maces.
Found a runed translucent door.
You see here a +0 mace.
Found a mace.
Crazy Yiuf shouts!
Crazy Yiuf screams, "Flower fast snockshim!"
You see here a +0 mace.
You see here a +0 mace.
Found three maces.
You see here a +0 mace.
Press: ? - help, v - describe, . - travel, g - get item
Here: Crazy Yiuf, wielding a +2 quarterstaff of chaos and wearing a +0 cloak (fire blocked by a runed translucent door) Item here: a mace.
The floor.
You open the door. You closely miss Crazy Yiuf.
Crazy Yiuf hits you with a +2 quarterstaff of chaos.
Crazy Yiuf burns you.
You hit Crazy Yiuf.
Crazy Yiuf is lightly wounded.
Crazy Yiuf hits you with a +2 quarterstaff of chaos.
Crazy Yiuf freezes you.
Crazy Yiuf hits you with a +2 quarterstaff of chaos!
* * * LOW HITPOINT WARNING * * *
Space bends around you.
You die...

##### #).)#
### #)))# #
..# )))
#.###.## #g#
#..)....
#@##
#####.##
##)# #.#
#)## ## ##.#
##)# #.#
##..# ##)##
#..####...##
##..)#
#..'.......#
#....#
#..####...##
#....# #.#
##..#
#....######
##.#


You could see Crazy Yiuf.

Vanquished Creatures
  Terence (D:2)
  Natasha (thrice) (D:2)
  2 adders (D:3)
  2 worms
  2 dart slugs (D:1)
  An orc (D:3)
  5 endoplasms
  4 hobgoblins
  5 jackals
  5 quokkas
  7 ball pythons
  2 bats
  2 frilled lizards (D:1)
  3 goblins (D:3)
  7 kobolds
  3 rats
54 creatures vanquished.

Notes
Turn   | Place    | Note
-------+----------+-------------------------------------------
     0 | D:1      | Cykl0x the Gargoyle Fighter began the quest for the Orb.
     0 | D:1      | Reached XP level 1. HP: 14/14 MP: 1/1
   372 | D:1      | Reached XP level 2. HP: 19/19 MP: 2/2
   800 | D:1      | Found a faded altar of an unknown god.
   814 | D:1      | Found a faded altar of an unknown god.
  1360 | D:2      | Reached XP level 3. HP: 23/23 MP: 3/3
  1401 | D:2      | Noticed Terence
  1411 | D:2      | Killed Terence
  1658 | D:2      | Noticed Natasha
  1664 | D:2      | Killed Natasha
  1665 | D:2      | Reached skill level 1 in Throwing
  1665 | D:2      | Reached skill level 1 in Dodging
  1665 | D:2      | Reached XP level 4. HP: 17/28 MP: 4/4
  1949 | D:2      | Noticed Natasha
  1958 | D:2      | Killed Natasha
  2326 | D:2      | Noticed Natasha
  2334 | D:2      | Killed Natasha
  2335 | D:2      | Reached XP level 5. HP: 32/32 MP: 5/5
  3705 | D:4      | Found a runed translucent door.
  3706 | D:4      | Noticed Crazy Yiuf
  3711 | D:4      | Slain by Crazy Yiuf

Illustrated notes

Levels and vault maps discovered:
D:1:      elethiomel_arrival_infinity_welcomes_careful_drivers,
          layout_loops_ring, hellmonk_ecumenical_altar_the_god_not_taken,
          roderic_lattice_a
D:2:      layout_basic, uniq_natasha, uniq_terence
D:3:      layout_rooms, cheibrodos_sewer_entry_bend
D:4:      layout_loops_corners, mainiacjoe_overflow_catwalk_spiral,
          hangedman_decor_points, uniq_edmund, uniq_duvessa,
          uniq_crazy_yiuf_cottage

Skill      XL: |  1  2  3  4  5 |
---------------+----------------+-----
Long Blades    | 2 |  2.7
Throwing       | 1 |  1.9
Dodging        | 1 |  1.3
Armour         | 4 |  4.1
Shields        | 4 |  4.0
Fighting       | |  3.6

Action                   |  1- 3 |  4- 6 || total
-------------------------+-------+-------++-------
Melee: Long sword        |    60 |   103 ||   163
Throw: Stone             |    37 |    26 ||    63
       Dart              |     5 |    10 ||    15
  Use: Scroll            |     5 |     3 ||     8
Armor: Scale mail        |    23 |    49 ||    72
Dodge: Dodged            |    21 |    32 ||    53
Block: Kite shield       |    28 |    56 ||    84
       Rpst.: Long sword |     8 |    10 ||    18
